 Dungeon Crawl Stone Soup version 0.31-a0-196-g86fe4a5e66 (webtiles) character file.

Game seed: 3832404687436303365

506 Gorgondantess the Gusty (level 7, -6/46 HPs)
             Began as a Human Wanderer on June 25, 2023.
             Killed by divine providence
             ... invoked by an orc priest
              (15 damage)
             ... on level 4 of the Dungeon.
             The game lasted 00:13:42 (4435 turns).

Gorgondantess the Gusty (Human Wanderer)            Turns: 4435, Time: 00:13:42

Health: -6/46      AC:  7    Str: 10    XL:     7   Next: 41%
Magic:  13/13      EV:  9    Int: 18    God:
Gold:   87         SH:  0    Dex: 14    Spells: 8/14 levels left

rFire   . . .        u - +1 trident (venom)
rCold   . . .        (no shield)
rNeg    . . .        r - +0 leather armour
rPois   .            E - +0 helmet {Int+3}
rElec   .            l - +0 cloak
rCorr   +            n - +0 pair of gloves
SInv    .            j - +0 pair of boots
Will    .....        (no amulet)
Stlth   ++           h - ring of resist corrosion
HPRegen 0.27/turn    (no ring)
MPRegen 0.13/turn

%: no passive effects
@: constricted
A: no striking features
a: no special abilities


You were on level 4 of the Dungeon.
You visited 1 branch of the dungeon, and saw 4 of its levels.
You also visited: Sewer.

You collected 210 gold pieces.
You spent 123 gold pieces at shops.

Inventory:

Hand Weapons
 a - a +0 rapier
 b - a +0 triple crossbow
 e - a +0 sling
 s - a +1 heavy hammer
 t - a +2 hammer of protection
 u - a +1 trident of venom (weapon)
Missiles
 g - 11 poisoned darts
 k - 4 javelins
Armour
 d - a +0 robe
 j - a +0 pair of boots (worn)
 l - a +0 cloak (worn)
 n - a +0 pair of gloves (worn)
 r - a +0 leather armour (worn)
 E - a +0 helmet of intelligence (worn)
Jewellery
 h - a ring of resist corrosion (left hand)
 i - a ring of ice
Wands
 q - a wand of quicksilver (7)
Scrolls
 c - a scroll of fog
 m - a scroll of amnesia {unknown}
 p - 3 scrolls of blinking
 x - a scroll of vulnerability {unknown}
 y - a scroll of enchant armour {unknown}
 D - a scroll of immolation {unknown}
Potions
 f - 2 potions of mutation
 o - 3 potions of haste
 v - a potion of heal wounds
 w - a potion of ambrosia {unknown}
 z - a potion of magic {unknown}
 A - a potion of berserk rage {unknown}
 B - a potion of might {unknown}
 C - 2 potions of invisibility {unknown}


   Skills:
 - Level 2.0 Polearms
 - Level 1.0 Ranged Weapons
 - Level 1.0 Throwing
 + Level 2.2 Armour
 + Level 2.5 Dodging
 - Level 3.0 Stealth
 - Level 4.0 Spellcasting
 * Level 4.4 Air Magic
 - Level 2.0 Poison Magic


You had 8 spell levels left.
You knew the following spells:

 Your Spells              Type           Power      Damage    Failure   Level
a - Beastly Appendage     Tmut           6%         N/A       19%         1
b - Poisonous Vapours     Pois/Air       30%        N/A       8%          2
c - Swiftness             Air            19%        N/A       10%         3

Your spell library contained the following spells:

 Spells                   Type           Power      Damage    Failure   Level
 Slow                     Hex            12%        N/A       19%         1
 Ensorcelled Hibernation  Hex/Ice        6%         N/A       28%         2
 Passwall                 Tmut/Erth      2%         N/A       28%         2
 Wereblood                Tmut           3%         N/A       28%         2
 Spider Form              Tmut/Pois      7%         N/A       36%         3
 Confusing Touch          Hex            3%         N/A       50%         3
 Hailstorm                Conj/Ice       3%         3d3       50%         3
 Stone Arrow              Conj/Erth      6%         3d7       50%         3
 Vampiric Draining        Necr           3%         2d6       50%         3


Dungeon Overview and Level Annotations

Branches:
Dungeon (4/15)              Sewer (visited)
 Temple: D:4-7

Altars:

Shops:
D:1 [?[=*

Annotations:
D:2 1 runed translucent door, Crazy Yiuf, Sigmund
D:4 Dowan, Duvessa


Message History

The orc priest is moderately wounded.
The orc priest barely misses you.
The ball python bites you but does no damage.
The ball python constricts you.
You hit the orc priest.
The orc priest is heavily wounded.
The orc priest hits you with a +0 club.
The ball python bites you but does no damage.
The ball python constricts you.
The orc priest hits you but does no damage.
The ball python barely misses you. The ball python constricts you.
You hit the orc priest but do no damage.
The orc priest is poisoned.
The orc priest is heavily wounded.
The ball python barely misses you. The ball python constricts you.
The orc priest casts a cantrip, but nothing happens.
You closely miss the ball python.
The ball python bites you but does no damage.
The ball python constricts you.
The orc priest invokes the aid of Beogh against you.
Beogh smites you!
* * * LOW HITPOINT WARNING * * *
Unknown command.
You barely miss the orc priest.
The orc priest is almost dead.
The ball python closely misses you. The ball python constricts you.
The orc priest looks encouraged for a moment.
The ball python bites you but does no damage.
The ball python constricts you.
You barely miss the orc priest.
The orc priest is almost dead.
The orc priest looks satisfied for a moment.
The ball python bites you but does no damage.
The ball python constricts you.
You barely miss the orc priest.
The orc priest is almost dead.
The ball python closely misses you. The ball python constricts you.
The orc priest invokes the aid of Beogh against you.
Beogh smites you!
You die...

##....÷.......).....##
......####..#.#......#
..†...# ...##.......##
......#.....##.....##
............###...##
.##.>..............#
###..............###
.##.........##....#
############...o@## .#
##..S## ## ##...# #...
##..S# .... ##.#(#
.... #.... e... .....
.... #. ..o .... .....


You could see an orc priest (very poisoned) and a ball python.

Vanquished Creatures
  A black bear (D:4)
  A phantom (D:4)
  2 jellies (Sewer)
  An orc priest (D:4)
  4 gnolls (D:2)
  7 adders
  2 river rats (D:4)
  5 worms
  2 dart slugs
  An orc (D:3)
  15 endoplasms
  9 giant cockroaches
  12 hobgoblins
  2 jackals (D:2)
  7 quokkas
  11 ball pythons
  3 bats
  2 frilled lizards
  11 goblins
  9 kobolds
  10 rats
117 creatures vanquished.

Notes
Turn   | Place    | Note
-------+----------+-------------------------------------------
     0 | D:1      | Gorgondantess the Human Wanderer began the quest for the
                  | Orb.
     0 | D:1      | Gorgondantess set off with the following items: a +0 sling,
                  | a +0 pair of gloves, a scroll of fog, a +0 robe; and the
                  | following spell memorised: Beastly Appendage; and the
                  | following spells available to memorise: Poisonous Vapours,
                  | Hailstorm, Stone Arrow.
     0 | D:1      | Reached XP level 1. HP: 13/13 MP: 4/4
     8 | D:1      | Found Veniocin's Jewellery Shoppe.
    31 | D:1      | Found Jematwyt's Magic Scroll Boutique.
   156 | D:1      | Found Harghua's Armour Boutique.
   479 | D:1      | Reached XP level 2. HP: 19/19 MP: 6/6
   482 | D:1      | Learned a level 2 spell: Poisonous Vapours
   743 | D:1      | Found Baplin's Armour Shoppe.
   921 | D:1      | Found Ezxausist's General Store.
  1000 | D:1      | Bought a scroll of identify for 26 gold pieces
  1039 | D:2      | Reached XP level 3. HP: 19/24 MP: 0/8
  1144 | D:2      | Reached skill level 1 in Air Magic
  1144 | D:2      | Reached skill level 1 in Poison Magic
  1209 | D:2      | Found a faded altar of an unknown god.
  1296 | D:2      | Found a runed translucent door.
  1297 | D:2      | Noticed Crazy Yiuf
  1380 | D:2      | Reached XP level 4. HP: 13/30 MP: 0/9
  1483 | D:2      | Learned a level 3 spell: Swiftness
  1644 | D:1      | Bought a scroll of blinking for 97 gold pieces
  2064 | D:2      | Noticed Sigmund
  2521 | D:3      | Reached XP level 5. HP: 35/35 MP: 5/11
  3218 | D:3      | Reached skill level 1 in Polearms
  3571 | D:4      | Noticed a black bear
  3598 | D:4      | Killed a black bear
  3599 | D:4      | Reached skill level 1 in Armour
  3599 | D:4      | Reached XP level 6. HP: 27/41 MP: 4/12
  3784 | D:4      | Noticed Duvessa
  3784 | D:4      | Noticed Dowan
  3883 | D:4      | Found a glowing drain.
  3916 | Sewer    | Entered a sewer
  4007 | Sewer    | Reached XP level 7. HP: 46/46 MP: 13/13
  4239 | Sewer    | Found a shimmering altar of Xom.
  4435 | D:4      | Killed from afar by an orc priest

Illustrated notes

Levels and vault maps discovered:
D:1:      dpeg_arrival_windows_large_door, layout_basic, serial_shops, shop,
          shop, shop, nicolae_diamond_shop, shop, minmay_tripent
D:2:      layout_loops_ring, hellmonk_ecumenical_altar_pennies_from_heaven,
          uniq_sigmund, uniq_crazy_yiuf_cottage
D:3:      corexii_shack_village, layout_loops_corners, serial_aquarium,
          aquarium_bridge_square [aquarium_subvault_bridge,
          aquarium_subvault_bridge, aquarium_subvault_wall,
          aquarium_subvault_bridge], aquarium_bridge_straight
          [aquarium_subvault_bridge, aquarium_subvault_wall,
          aquarium_subvault_bridge, aquarium_subvault_wall],
          aquarium_window_fake, aquarium_window_fake, aquarium_window_2,
          aquarium_view_2d
D:4:      kennysheep_big_flooded_room, layout_cave_pools, portal_sewer_entry_a,
          serial_bayou, serial_bayou_lagoon_b, serial_bayou_pond_d,
          serial_bayou_pond_b, serial_bayou_crossing, serial_bayou_pond_d,
          uniq_duvessa

Skill      XL: |  1  2  3  4  5  6  7 |
---------------+----------------------+-----
Air Magic      | 1 2 3 4 |  4.4
Poison Magic   | 1 2 |  2.0
Spellcasting   | 4 |  4.0
Polearms       | 1 2 |  2.0
Armour         | 1 2 |  2.2
Dodging        | 2 |  2.5
Ranged Weapons | |  1.0
Throwing       | |  1.0
Stealth        | |  3.0

Action                     |  1- 3 |  4- 6 |  7- 9 || total
---------------------------+-------+-------+-------++-------
  Melee: Rapier            |    39 |       |       ||    39
         Mace              |    14 |    39 |    27 ||    80
         Trident           |       |   134 |    53 ||   187
         Punch             |       |     2 |       ||     2
   Fire: Triple crossbow   |     9 |       |     2 ||    11
         Sling             |     3 |       |       ||     3
   Cast: Beastly Appendage |     2 |     2 |       ||     4
         Poisonous Vapours |    11 |    17 |     2 ||    30
    Use: Scroll            |     1 |     1 |       ||     2
         Potion            |       |       |     1 ||     1
   Stab: Sleeping          |       |    20 |       ||    20
 Armour: Robe              |    17 |    20 |       ||    37
         Leather armour    |       |    30 |    32 ||    62
  Dodge: Dodged            |    29 |    90 |    38 ||   157

Table legend: (Time is in decaauts)
 A = Elapsed time spent in this place.
 B = Non-inter-level travel time spent in this place.
 C = Inter-level travel time spent in this place.
 D = Time resting spent in this place.
 E = Time spent auto-exploring this place.
 F = Levels seen in this place.
 G = Mean time per level.
                   A        B        C        D        E       F      G
               +--------+--------+--------+--------+--------+-----+--------+
         Total |   4560 |   4254 |    306 |     36 |   2861 |   5 |  912.0 |
       Dungeon |   4023 |   3717 |    306 |     36 |   2615 |   4 | 1005.8 |
         Sewer |    537 |    537 |      0 |      0 |    245 |   1 |  537.0 |
               +--------+--------+--------+--------+--------+-----+--------+

Top non-repeatable levels by time:
     D:2: 1394 daAuts
     D:1: 1143 daAuts
     D:3: 1048 daAuts
   Sewer: 537 daAuts
     D:4: 437 daAuts
